 Dungeon Crawl Stone Soup version 0.29.1-15-g9cfb28693d (webtiles) character file.

Game seed: 3058295432453785436

5545 Smoke131 the Fighter (level 10, -3/110 HPs)
             Began as an Ogre Gladiator on Apr 15, 2023.
             Was an Elder of Okawaru.
             Slain by a two-headed ogre
             ... wielding a +0 giant club
              (14 damage)
             ... on level 8 of the Dungeon on Apr 16, 2023.
             The game lasted 00:31:35 (12327 turns).

Smoke131 the Fighter (Ogre Gladiator)              Turns: 12327, Time: 00:31:36

Health: -3/110     AC:  7    Str: 24    XL:     10   Next: 71%
Magic:  14/14      EV:  7    Int:  9    God:    Okawaru [****..]
Gold:   411        SH: 14    Dex: 10    Spells: 9/9 levels left

rFire   + + .      SeeInvis .   u - +2 trident (protect)
rCold   . . .      Faith    .   m - +2 tower shield "Joecudaff" {-Cast rPois rF++ Will+}
rNeg    . . .      Spirit   .   H - +0 steam dragon scales
rPois   +          Reflect  .   c - +0 hat
rElec   .          Harm     .   q - +0 cloak
rCorr   .          Rampage  .   (gloves unavailable)
Will    ++...      NoCast   +   (boots unavailable)
Stlth   +.........              (no amulet)
HPRegen 0.28/turn               A - ring of poison resistance
MPRegen 0.14/turn               z - ring of flight

@: flying
A: large, unfitting armour, tough skin 1
a: Renounce Religion, Heroism, Finesse


You were on level 8 of the Dungeon.
You worshipped Okawaru.
Okawaru was greatly pleased with you.
You visited 2 branches of the dungeon, and saw 9 of its levels.

You collected 560 gold pieces.
You spent 149 gold pieces at shops.

Inventory:

Hand Weapons
 a - a +0 trident
 e - a +2 scythe of protection
 u - a +2 trident of protection (weapon)
Missiles
 d - 3 throwing nets (quivered)
 p - 9 poisoned darts
 s - 18 boomerangs
Armour
 c - a +0 hat (worn)
 m - the +2 tower shield "Joecudaff" (worn) {-Cast rPois rF++ Will+}
   (You acquired it on level 6 of the Dungeon)

   rF:        It greatly protects you from fire.
   rPois:     It protects you from poison.
   -Cast:     It prevents spellcasting.
   Will:      It increases your willpower.
 q - a +0 cloak (worn)
 H - +0 steam dragon scales (worn)
Jewellery
 k - a ring of fire
 z - a ring of flight (right hand)
 A - a ring of poison resistance (left hand)
 I - a ring of positive energy
Wands
 w - a wand of paralysis (17)
 y - a wand of polymorph (7)
 G - a wand of quicksilver (7)
 J - a wand of roots (7)
Scrolls
 b - a scroll of poison
 h - 3 scrolls of teleportation
 j - a scroll of fog
 o - a scroll of acquirement
 r - 2 scrolls of magic mapping
 x - a scroll of blinking
 E - a scroll of enchant weapon
 F - a scroll of fear
Potions
 f - 3 potions of curing
 g - a potion of might
 i - 3 potions of brilliance
 l - 3 potions of heal wounds
 n - 2 potions of mutation
 v - a potion of magic
 B - a potion of haste
 C - a potion of attraction
 D - 4 potions of flight


   Skills:
 - Level 10.0 Fighting
 * Level 8.9 Polearms
 + Level 7.7 Throwing
 + Level 2.7 Armour
 - Level 3.0 Dodging
 + Level 4.0 Shields
 + Level 6.2 Invocations


You had 9 spell levels left.
You didn't know any spells.
Your spell library contained the following spells:

 Spells                   Type           Power      Damage    Failure   Level
 Foxfire                  Conj/Fire      0%         2x1d4     95%         1
 Necrotise                Necr           0%         1d4       95%         1
 Inner Flame              Hex/Fire       0%         N/A       100%        3
 Ozocubu's Armour         Ice            0%         N/A       100%        3
 Hailstorm                Conj/Ice       0%         3d3       100%        4
 Ice Form                 Ice/Tmut       0%         N/A       100%        4
 Sticky Flame             Conj/Fire      0%         2d3       100%        4
 Metabolic Englaciation   Hex/Ice        0%         N/A       100%        5
 Starburst                Conj/Fire      0%         6d3       100%        6
 Simulacrum               Ice/Necr       Unusable   N/A       N/A         6

Dungeon Overview and Level Annotations

Branches:
Dungeon (8/15)             Temple (1/1) D:4
   Lair: D:8-11

Altars:
Ashenzari
Cheibriados
Dithmenos
Elyvilon
Fedhas
Gozag
Hepliaklqana
Kikubaaqudgha
Makhleb
Nemelex Xobeh
Okawaru
Qazlal
Ru
Sif Muna
Trog
Vehumet
Wu Jian
Xom
Yredelemnul
Zin
The Shining One

Shops:
D:3 (   D:7 ?

Annotations:
D:4 1 runed translucent door


Innate Abilities, Weirdness & Mutations

You are too large for most types of armour.
You have tough skin. (AC +1)


Message History

You hit the two-headed ogre.
Your weapon exudes an aura of protection.
The two-headed ogre is lightly wounded.
The two-headed ogre hits you with a +0 giant club!!
The two-headed ogre hits you with a +0 giant club!
You hit the two-headed ogre.
The two-headed ogre is lightly wounded.
The two-headed ogre hits you but does no damage.
The two-headed ogre hits you with a +0 giant club!!
Aiming: Paralyse
Press: ? - help, Shift-Dir - straight line, f/p - two-headed ogre
Aim: a two-headed ogre, wielding two +0 giant clubs (lightly wounded, very poisoned, chance to affect: 31%)
The two-headed ogre easily resists.
Aiming: Paralyse
Press: ? - help, Shift-Dir - straight line, f/p - two-headed ogre
Aim: a two-headed ogre, wielding two +0 giant clubs (lightly wounded, very poisoned, chance to affect: 31%)
The two-headed ogre easily resists.
The two-headed ogre hits you with a +0 giant club.
* * * LOW HITPOINT WARNING * * *
You block the two-headed ogre's attack.
Aiming: Paralyse
Press: ? - help, Shift-Dir - straight line, f/p - two-headed ogre
Aim: a two-headed ogre, wielding two +0 giant clubs (moderately wounded, very poisoned, chance to affect: 31%)
The two-headed ogre easily resists.
The two-headed ogre hits you with a +0 giant club!
* * * LOW HITPOINT WARNING * * *
The two-headed ogre hits you with a +0 giant club.
* * * LOW HITPOINT WARNING * * *
Aiming: Paralyse
Press: ? - help, Shift-Dir - straight line, f/p - two-headed ogre
Aim: a two-headed ogre, wielding two +0 giant clubs (moderately wounded, very poisoned, chance to affect: 31%)
The two-headed ogre easily resists.
Aiming: Paralyse
Press: ? - help, Shift-Dir - straight line, f/p - two-headed ogre
Aim: a two-headed ogre, wielding two +0 giant clubs (moderately wounded, very poisoned, chance to affect: 31%)
The two-headed ogre easily resists.
The two-headed ogre hits you with a +0 giant club.
* * * LOW HITPOINT WARNING * * *
The two-headed ogre hits you with a +0 giant club!
You die...

#.<.....# #(.(....#
#♣♣ ♣ #.......#
#.♣♣♣ #.(.....#
#♣.♣. #.......# ♣♣.♣
#..(....##### ######
#...........###.....
#..O....###.........
#..@....# ##########
#.......# #########


You could see a two-headed ogre (very poisoned).

Vanquished Creatures
  An ugly thing (D:8)
  Joseph (D:7)
  Maggie (D:7)
  A troll (D:7)
  Prince Ribbit (D:6)
  Sigmund (D:3)
  2 wyverns (D:8)
  A steam dragon (D:8)
  A vampire mosquito (D:8)
  Menkaure (D:7)
  A water moccasin (D:8)
  An ice beast (D:5)
  2 orc warriors
  2 black bears
  2 sky beasts
  5 ogres
  A centaur (D:8)
  2 phantoms (D:5)
  A kobold brigand (D:8)
  3 bullfrogs
  A gnoll sergeant (D:3)
  3 scorpions
  6 howler monkeys
  Crazy Yiuf (D:3)
  9 hounds
  2 orc priests (D:3)
  4 jellies
  A human skeleton (D:4)
  Jessica (D:3)
  4 iguanas
  4 orc wizards
  25 gnolls
  2 adders
  2 shadow imps
  A white imp (D:7)
  An ufetubus (D:6)
  4 dart slugs
  33 orcs
  10 ball pythons
  6 bats
  6 endoplasms
  3 giant cockroaches
  3 goblins
  6 hobgoblins
  14 jackals
  4 kobolds
  5 quokkas
  2 frilled lizards (D:2)
  3 rats
197 creatures vanquished.

Vanquished Creatures (others)
  An orc (D:3)
  4 fungi (D:3)
  8 plants (D:8)
13 creatures vanquished.

Grand Total: 210 creatures vanquished

Notes
Turn   | Place    | Note
-------+----------+-------------------------------------------
     0 | D:1      | Smoke131 the Ogre Gladiator began the quest for the Orb.
     0 | D:1      | Reached XP level 1. HP: 22/22 MP: 1/1
   113 | D:1      | Found a faded altar of an unknown god.
   212 | D:1      | Reached XP level 2. HP: 23/29 MP: 2/2
   216 | D:1      | Reached skill level 3 in Fighting
   514 | D:1      | Reached XP level 3. HP: 31/37 MP: 3/3
   783 | D:2      | Found the +3 pair of mountain boots {steadfast, rC+}
  1619 | D:2      | Got Sif Muna's Compendium of the Summer
  2013 | D:3      | Reached XP level 4. HP: 12/48 MP: 4/4
  2282 | D:3      | Noticed Jessica
  2407 | D:3      | Killed Jessica
  2412 | D:3      | Reached skill level 4 in Fighting
  2724 | D:3      | Reached XP level 5. HP: 25/55 MP: 5/5
  3410 | D:2      | Reached XP level 6. HP: 29/65 MP: 6/6
  3597 | D:3      | Reached skill level 5 in Fighting
  3648 | D:3      | Found an opulent altar of Gozag.
  3687 | D:3      | Found Biasia's Weapon Shoppe.
  3687 | D:3      | Noticed Sigmund
  3944 | D:3      | Killed Sigmund
  4251 | D:3      | Reached XP level 7. HP: 63/74 MP: 7/7
  4360 | D:3      | Found a bloodstained altar of Trog.
  4627 | D:3      | Reached skill level 5 in Polearms
  4871 | D:3      | Reached skill level 6 in Fighting
  5295 | D:3      | Found a runed translucent door.
  5296 | D:3      | Noticed Crazy Yiuf
  5306 | D:3      | Killed Crazy Yiuf
  5778 | D:3      | Reached skill level 5 in Throwing
  6441 | D:4      | Found a staircase to the Ecumenical Temple.
  6511 | D:4      | Found a runed translucent door.
  6511 | D:4      | Noticed a human
  6534 | Temple   | Entered the Ecumenical Temple
  6605 | Temple   | Became a worshipper of Warmaster Okawaru
  7110 | D:4      | Found a basalt altar of Yredelemnul.
  7162 | D:5      | Entered Level 5 of the Dungeon
  7171 | D:5      | Reached skill level 1 in Invocations
  7171 | D:5      | Reached XP level 8. HP: 81/84 MP: 8/8
  7195 | D:5      | Reached skill level 7 in Fighting
  7393 | D:5      | Reached * piety under Okawaru
  7477 | D:5      | Reached skill level 8 in Fighting
  7867 | D:5      | Reached XP level 9. HP: 32/97 MP: 11/11
  8119 | D:6      | Identified 2 scrolls of acquirement
  8119 | D:6      | Acquired the +2 tower shield "Joecudaff" {-Cast rPois rF++
                  | Will+}
  8144 | D:6      | Reached skill level 9 in Fighting
  8905 | D:6      | Noticed Prince Ribbit
  8926 | D:6      | Killed Prince Ribbit
  9169 | D:6      | Reached skill level 1 in Shields
  9213 | D:6      | Reached ** piety under Okawaru
  9672 | D:7      | Noticed Maggie
  9688 | D:7      | Killed Maggie
  9689 | D:7      | Reached skill level 10 in Fighting
  9898 | D:7      | Noticed Menkaure
  9903 | D:7      | Noticed a troll
  9911 | D:7      | Killed Menkaure
  9912 | D:7      | Reached skill level 5 in Invocations
  9919 | D:7      | Killed a troll
  9931 | D:7      | Reached skill level 1 in Armour
  9941 | D:7      | Reached XP level 10. HP: 70/110 MP: 13/13
 10006 | D:7      | Noticed Joseph
 10032 | D:7      | Killed Joseph
 10032 | D:7      | Reached *** piety under Okawaru
 10489 | D:7      | Identified the +0 pair of boots "Duimus" {Drain rPois
                  | Dex+8}
 10637 | D:7      | Found Bijokkih's Magic Scroll Boutique.
 10644 | D:7      | Bought a scroll of identify for 26 gold pieces
 10644 | D:7      | Bought a scroll of identify for 26 gold pieces
 10651 | D:7      | Bought a scroll of magic mapping for 97 gold pieces
 11078 | D:8      | Found a shimmering altar of Xom.
 11568 | D:8      | Found a shimmering blue altar of Sif Muna.
 11601 | D:8      | Got Sif Muna's Cyclopedia of Profane Secrets
 11920 | D:8      | Noticed a cyan ugly thing
 11952 | D:8      | Killed a cyan ugly thing
 11959 | D:8      | Reached **** piety under Okawaru
 12274 | D:8      | Noticed a two-headed ogre
 12327 | D:8      | Slain by a two-headed ogre

Illustrated notes

Levels and vault maps discovered:
D:1:      lemuel_arrival_hallway, layout_rooms,
          hellmonk_ecumenical_altar_heavens_door
D:2:      layout_loops_ring, nicolae_eternal_life,
          hangedman_abyss_or_decor_lesser_grid
D:3:      lemuel_castle_with_subvaults [lemuel_castle_interior_carwin_3],
          layout_basic, nicolae_gozag_cash_rules_everything_around_me,
          mainiacjoe_overflow_surrounded_room, serial_shops,
          nicolae_shop_bloodbath_and_beyond, grunt_ministairs_11, uniq_sigmund,
          uniq_crazy_yiuf_cottage, uniq_jessica
D:4:      layout_loops_ring, dk_yredelemnul_ordeal,
          minmay_temple_entry_mini_moons
D:5:      layout_basic
D:6:      minmay_spotlight, layout_rooms, uniq_prince_ribbit1
D:7:      layout_basic, serial_shops,
          nicolae_shop_temple_entry_statues_fountains, uniq_joseph,
          uniq_menkaure, uniq_maggie
D:8:      nzn_winding_woodlands_three_and_one
          [nzn_winding_woodlands_5x15_default, nzn_winding_woodlands_5x15_eye,
          nzn_winding_woodlands_5x15_crooked,
          nzn_winding_woodlands_center_garden], layout_rooms, led_sif_book,
          eat_drink_and_be_merry_uskayaw, dk_xom_monty_hall, grunt_decor_cap
Temple:   kb_temple_of_zot

Skill      XL: |  1  2  3  4  5  6  7  8  9 10 |
---------------+-------------------------------+-----
Fighting       | 3 4 5 6 8 10 | 10.0
Dodging        | 3 |  3.0
Throwing       | 3 4 5 6 7 |  7.7
Polearms       | 4 5 6 7 8 |  8.9
Invocations    | 1 3 5 6 |  6.2
Shields        | 2 4 |  4.0
Armour         | 1 2 |  2.7

Action                   |  1- 3 |  4- 6 |  7- 9 | 10-12 || total
-------------------------+-------+-------+-------+-------++-------
Melee: Trident           |   157 |   119 |   179 |   197 ||   652
       Punch             |     2 |       |       |       ||     2
       Halberd           |       |    19 |   218 |       ||   237
Throw: Dart              |       |    11 |    12 |     8 ||    31
       Boomerang         |       |     6 |     7 |       ||    13
       Throwing net      |       |     1 |       |       ||     1
       Large rock        |       |     1 |       |     1 ||     2
Invok: Heroism           |       |       |     2 |     1 ||     3
Evoke: Wand              |       |       |       |     5 ||     5
  Use: Potion            |     1 |       |       |     1 ||     2
       Scroll            |       |       |    11 |     7 ||    18
Armor: Robe              |    52 |    52 |   114 |       ||   218
       Steam dragon scal |       |       |    10 |    95 ||   105
Dodge: Dodged            |   108 |    97 |   144 |    56 ||   405
Block: Tower shield      |       |       |   120 |   148 ||   268
